Map: King's Cove LE

Players

wootwoot - Winner!

  • Race: Terran Terran
  • League: Platinum
  • Spawn Location: 5:00

CreAtionZx

  • Race: Protoss Protoss
  • League: Diamond
  • Spawn Location: 11:00

VOD

Have the link to the VOD?

Description

Time

  • Played on: April 1, 2025, 10:33 p.m.
  • Length: 3:25
Show
View Real Time Build Order
Export as new Build Order

wootwoot Terran - Winner!

Build Orders:  

Get SALT Encoding   

  12  0:01  SCV  
  13  0:13  SCV  
  14  0:21  Supply Depot  
  14  0:26  SCV  
  15  0:35  Refinery  
  15  0:42  SCV  
  16  0:53  Barracks  
  16  1:08  Barracks  
  16  1:26  Barracks  
  16  1:39  Refinery  
  16  1:40  Reaper  
  17  1:55  Reaper  
  18  2:03  Orbital Command  
  18  2:12  Reaper  
  18  2:14  Reaper  
  20  2:25  Supply Depot  
  20  2:30  SCV  
  20  2:36  Reaper  
  22  2:44  Reaper  
  22  2:49  Reaper  
  22  2:50  SCV  
  25  3:03  SCV  
Show
View Real Time Build Order
Export as new Build Order

CreAtionZx Protoss 

Build Orders:  

Get SALT Encoding   

  12  0:00  Probe  
  13  0:14  Probe  
  13  0:16  Pylon  
  14  0:22  Probe  
  15  0:32  Probe  
  16  0:44  Probe  
  17  0:56  Probe  
  18  1:08  Nexus  
  18  1:18  Gateway  
  18  1:22  Probe  
  18  1:24  Assimilator  
  18  1:30  Probe  
  20  1:40  Probe  
  20  1:43  Pylon  
  21  2:05  Cybernetics Core  
  21  2:07  Zealot  
  23  2:08  Probe  
  24  2:16  Probe  
  24  2:17  Assimilator  
  24  2:25  Probe  
  25  2:38  Stalker, Pylon  
  25  2:44  Probe x2  
  29  2:51  Shield Battery  
  29  2:56  Probe x2  
  30  3:18  Shield Battery  
Tags
 
Add a new tag
Caveats
  • Supply blocks, unpowered buildings, or Contaminate may cause inaccurate times.
  • Supply counts are checked every 10 seconds.